Map: Ever Dream LE

Players

JohnnyV

  • Race: Terran Terran
  • League: Bronze
  • Spawn Location: 1:00

블루레몬과일 - Winner!

  • Race: Terran Terran
  • League: Bronze
  • Spawn Location: 7:00

VOD

Have the link to the VOD?

Description

Time

  • Played on: April 30, 2020, 8:22 a.m.
  • Length: 14:24
Show
View Real Time Build Order
Export as new Build Order

JohnnyV Terran 

Build Orders: Liberator Opening 

Get SALT Encoding   

  12  0:01  SCV  
  13  0:17  SCV, Supply Depot  
  14  0:29  SCV  
  15  0:40  Barracks  
  15  0:41  SCV  
  16  0:50  Refinery  
  16  1:05  SCV  
  17  1:17  SCV  
  18  1:28  Marine  
  18  1:29  SCV  
  18  1:30  Bunker  
  20  1:41  SCV  
  21  1:47  Marine  
  22  1:55  Factory  
  22  2:01  Orbital Command  
  22  2:05  Marine  
  23  2:19  Command Center  
  23  2:33  Barracks Reactor, Supply Depot  
  23  2:38  Refinery  
  22  2:55  Widow Mine  
  24  2:59  Starport  
  24  3:06  Supply Depot  
  24  3:11  Marine x2  
  26  3:40  Supply Depot, Orbital Command  
  26  3:47  Liberator  
  29  3:50  Barracks Tech Lab  
  31  3:55  Widow Mine  
  31  4:03  Supply Depot  
  31  4:11  Marine  
  31  4:14  Combat Shield  
  32  4:21  Widow Mine  
  34  4:24  Widow Mine  
  36  4:41  Marauder  
  38  5:07  Marine  
  39  5:24  Marine  
  40  5:43  Medivac  
  42  5:54  Engineering Bay  
  42  5:57  Armory  
  42  6:12  Fusion Core  
  42  6:13  Medivac  
  36  6:36  Widow Mine x2  
  40  6:46  Marine  
  41  6:48  Starport Tech Lab  
  41  6:51  Terran Infantry Armor Level 1  
  41  7:25  SCV x2  
  43  7:37  SCV x2, Refinery  
  43  7:42  Marine  
  46  7:49  SCV  
  47  7:53  Factory Tech Lab  
  47  7:59  Marine  
  47  8:05  Barracks  
  48  8:06  Barracks  
  48  8:26  Siege Tank  
  51  8:27  Marine  
  52  8:54  SCV x2  
  54  8:55  Barracks Reactor x2  
  54  8:59  Marauder  
  54  9:00  Concussive Shells  
  56  9:06  SCV x2  
  58  9:10  Banshee  
  61  9:20  Marine  
  62  9:24  Supply Depot  
  62  9:26  Missile Turret  
  62  9:33  Missile Turret  
  62  9:36  Missile Turret  
  62  9:38  SCV x2, Marine  
  63  9:39  Marine  
  63  9:40  Missile Turret  
  63  9:41  Marine  
  67  9:46  Supply Depot  
  67  9:50  SCV x2  
  69  9:54  Terran Vehicle Weapons Level 1  
  69  9:59  Banshee  
  69  10:02  Missile Turret  
  72  10:07  SCV x2  
  74  10:19  SCV x2  
  74  10:21  Sensor Tower  
  75  10:38  Siege Tank  
  78  10:51  Cloaking Field  
  78  10:58  Banshee  
  78  11:02  Supply Depot  
  81  11:05  SCV x2, Supply Depot  
  83  11:17  SCV  
  84  11:21  Command Center  
  84  11:24  Marine  
  84  11:25  Marine x4  
  89  11:26  Refinery  
  89  11:30  Refinery  
  89  12:04  Marine x5  
  89  12:05  Siege Tank  
  99  12:22  Marauder  
  99  12:37  Marine x4  
  99  12:44  Marauder  
  105  12:46  Engineering Bay  
  105  12:50  Armory  
  105  13:03  Marine x2  
  105  13:04  Marine x2  
  105  13:05  Marine  
  110  13:07  Thor  
  116  13:21  Marine  
  117  13:40  Supply Depot  
  117  13:41  Supply Depot  
  117  13:42  Marine x5  
  117  13:45  Supply Depot  
  95  14:00  Marine x3  
Show
View Real Time Build Order
Export as new Build Order

블루레몬과일 Terran - Winner!

Build Orders: 1/1/1 

Get SALT Encoding   

  12  0:00  SCV  
  13  0:13  SCV  
  14  0:19  Supply Depot  
  14  0:25  SCV  
  15  0:33  Refinery  
  15  0:41  Barracks  
  15  0:44  SCV  
  16  0:52  Refinery  
  16  0:56  SCV  
  17  1:08  SCV  
  18  1:30  Factory  
  18  1:31  Orbital Command  
  18  1:36  Barracks Reactor  
  18  2:12  Reaper x2  
  18  2:13  Hellion  
  22  2:15  Starport  
  22  2:20  SCV  
  23  2:32  Supply Depot  
  23  2:51  Factory Tech Lab  
  23  2:53  SCV, Starport Tech Lab  
  25  3:05  SCV  
  25  3:14  Marine x2, Siege Tank  
  30  3:20  Command Center  
  28  3:33  Marine  
  28  3:34  Marine  
  28  3:37  SCV  
  29  3:48  Bunker  
  29  3:49  SCV  
  29  3:54  Marine  
  31  4:06  Supply Depot  
  31  4:10  Supply Depot  
  31  4:18  SCV, Raven, Marine, Siege Tank  
  31  4:21  Supply Depot  
  38  4:24  Marine  
  38  4:30  Engineering Bay  
  39  4:35  SCV  
  39  4:38  Refinery  
  40  4:40  SCV  
  41  4:52  SCV  
  42  4:57  SCV  
  43  5:04  SCV  
  43  5:09  SCV  
  44  5:16  SCV  
  43  5:32  Marine x2  
  44  5:56  Marine x2  
  46  6:03  Siege Tank  
  47  6:05  Raven  
  48  6:31  Marine  
  48  6:32  Marine  
  50  6:49  Marine x2  
  50  6:51  Missile Turret  
  52  6:59  Refinery  
  52  7:00  Orbital Command  
  52  7:07  Marine  
  53  7:21  SCV  
  54  7:26  Siege Tank  
  57  7:33  SCV, Viking  
  60  7:41  Starport x2  
  60  7:43  Starport  
  60  7:45  SCV  
  60  7:47  SCV  
  62  7:55  Missile Turret  
  62  7:57  Missile Turret  
  62  7:59  SCV  
  63  8:21  Missile Turret  
  63  8:24  Missile Turret x2  
  63  8:25  Missile Turret  
  63  8:28  Missile Turret  
  63  8:31  Missile Turret  
  63  8:32  Starport Tech Lab x3  
  63  8:34  SCV  
  64  8:41  Viking  
  64  8:46  SCV  
  67  8:53  Missile Turret  
  67  8:54  Missile Turret  
  67  8:59  SCV  
  68  9:04  SCV  
  69  9:11  SCV  
  69  9:15  Missile Turret  
  69  9:16  SCV  
  71  9:21  Fusion Core  
  71  9:35  Viking x2  
  75  9:39  Viking  
  75  9:45  Supply Depot  
  77  9:46  Supply Depot  
  77  10:06  Viking x2  
  79  10:45  SCV  
  80  10:53  Battlecruiser  
  86  10:59  Supply Depot  
  86  11:01  Supply Depot x2  
  86  11:04  Supply Depot  
  86  11:07  Starport x2  
  86  11:08  Starport  
  86  11:14  Battlecruiser  
  92  11:21  Battlecruiser  
  98  11:36  Command Center  
  98  11:46  Starport Tech Lab x2  
  98  11:47  Starport Tech Lab  
  98  11:51  Battlecruiser  
  105  11:54  SCV  
  105  12:06  SCV  
  106  12:23  Battlecruiser  
  106  12:24  Battlecruiser  
  106  12:29  Battlecruiser  
  124  12:51  Sensor Tower  
  124  12:59  Sensor Tower  
Tags
 
Add a new tag
Caveats
  • Supply blocks, unpowered buildings, or Contaminate may cause inaccurate times.
  • Supply counts are checked every 10 seconds.